 Dungeon Crawl Stone Soup version 0.30-a0-636-g200c5c4a83 (webtiles) character file.

Game seed: 16776326651847626505

11 Alitron123 the Slasher (level 2, 0/24 HPs)
             Began as a Human Berserker on Jan 15, 2023.
             Was a Follower of Trog.
             Succumbed to an adder's poison
             ... on level 2 of the Dungeon.
             The game lasted 00:01:14 (225 turns).

Alitron123 the Slasher (Human Berserker)             Turns: 225, Time: 00:01:15

Health: 0/24       AC:  2    Str: 17    XL:     2   Next: 40%
Magic:  2/2        EV: 12    Int:  7    God:    Trog [*.....]
Gold:   13         SH:  0    Dex: 12    Spells: 1/1 levels left

rFire   . . .      SeeInvis .    a - +0 falchion
rCold   . . .      Faith    .    (no shield)
rNeg    . . .      Spirit   .    b - +0 animal skin
rPois   .          Reflect  .    (no helmet)
rElec   .          Harm     .    (no cloak)
rCorr   .          Rampage  .    (no gloves)
Will    .....                    (no boots)
Stlth   +                        (no amulet)
HPRegen 0.24/turn                (no ring)
MPRegen 0.08/turn                (no ring)

@: lethally poisoned (0 -> -7)
A: no striking features
a: Renounce Religion, Berserk


You were on level 2 of the Dungeon.
You worshipped Trog.
Trog was aware of your devotion.
You visited 1 branch of the dungeon, and saw 2 of its levels.

You collected 13 gold pieces.

Inventory:

Hand Weapons
 a - a +0 falchion (weapon)
Missiles
 c - 4 boomerangs (quivered)
Armour
 b - a +0 animal skin (worn)
Potions
 d - a potion of flight


   Skills:
 + Level 3.2 Fighting
 + Level 3.3 Long Blades
 + Level 2.1 Armour
 + Level 2.0 Dodging


You had one spell level left.
You didn't know any spells.
Your spell library was empty.

Dungeon Overview and Level Annotations

Branches:
Dungeon (2/15)

Altars:


Message History

Trog accepts your kill.
You now have 13 gold pieces.
You are starting to lose your buoyancy.
You float gracefully downwards.
Found a leather armour.
A hobgoblin comes into view.
The hobgoblin shouts!
You hear an angry hiss.
You hear a shout!
A hobgoblin comes into view.
An adder comes into view.
Found a scroll labelled COKHUA BORA.
The adder hisses angrily.
You hit the hobgoblin.
The hobgoblin is almost dead.
The adder closely misses you.
The hobgoblin hits you but does no damage.
The adder misses you.
You barely miss the hobgoblin.
The hobgoblin is almost dead.
The hobgoblin misses you. The adder closely misses you.
You hit the hobgoblin.
You kill the hobgoblin!
Trog accepts your kill. The adder closely misses you. The hobgoblin hits you.
The adder completely misses you. The hobgoblin hits you. The adder bites you.
You are poisoned.
The adder poisons you!
You barely miss the hobgoblin.
You feel sick. The adder bites you.
You are more poisoned.
The adder poisons you!
The hobgoblin hits you but does no damage.
You closely miss the hobgoblin.
You feel very sick. The adder bites you.
* * * LOW HITPOINT WARNING * * *
The adder bites you.
* * * LOW HITPOINT WARNING * * *
The hobgoblin hits you.
* * * LOW HITPOINT WARNING * * *
You hit the hobgoblin but do no damage.
You die...

##.# #.....#
#.#...## ....
...#.....####.#####
..#
..........##......#
..#
....#.....##.#.##.#
#.
...#.........#.<..#
.#
#.#.....###..###..#
###.#
#........##..###..#
....#
.......S..#.......#
..#
#......g@...####.##
#.####
#........##.# #.#
...<.
#.....[.....####.#
..###
##..#.##.........#
....# #. #?
#.##.###### ..#.#
.. .....##.# ..# #
##.......# ....
######### ###.#


You could see an adder and a hobgoblin.

Vanquished Creatures
  A worm (D:2)
  An endoplasm (D:2)
  A hobgoblin (D:2)
  3 jackals (D:2)
  A ball python (D:2)
  A frilled lizard (D:2)
8 creatures vanquished.

Notes
Turn   | Place    | Note
-------+----------+-------------------------------------------
     0 | D:1      | Alitron123 the Human Berserker began the quest for the Orb.
     0 | D:1      | Reached XP level 1. HP: 18/18 MP: 1/1
    40 | D:1      | You fall into a shaft and drop 1 floor!
   161 | D:2      | Reached XP level 2. HP: 18/24 MP: 2/2
   224 | D:2      | HP: 1/24 [hobgoblin (4)]
   225 | D:2      | Succumbed to an adder's poison

Illustrated notes

Levels and vault maps discovered:
D:1:      dpeg_arrival_signposts, layout_basic
D:2:      layout_loops_cross, uniq_natasha

Action                   || total
-------------------------++-------
Melee: Falchion          ||    30
  Use: Scroll            ||     2
       Potion            ||     1
Armor: Animal skin       ||    11
Dodge: Dodged            ||    21

Table legend: (Time is in decaauts)
 A = Elapsed time spent in this place.
 B = Non-inter-level travel time spent in this place.
 C = Inter-level travel time spent in this place.
 D = Time resting spent in this place.
 E = Time spent auto-exploring this place.
 F = Levels seen in this place.
 G = Mean time per level.
                   A        B        C        D        E       F      G
               +--------+--------+--------+--------+--------+-----+--------+
         Total |    229 |    194 |     35 |      0 |    110 |   2 |  114.5 |
       Dungeon |    229 |    194 |     35 |      0 |    110 |   2 |  114.5 |
               +--------+--------+--------+--------+--------+-----+--------+

Top non-repeatable levels by time:
     D:2: 189 daAuts
     D:1: 40 daAuts
